Map: Tourmaline LE

Players

itwasntme

  • Race: Protoss Protoss
  • League: Gold
  • Spawn Location: 1:00

LiquidCloak - Winner!

  • Race: Terran Terran
  • League: Gold
  • Spawn Location: 7:00

VOD

Have the link to the VOD?

Description

Time

  • Played on: Dec. 28, 2025, 12:57 a.m.
  • Length: 16:13
Show
View Real Time Build Order
Export as new Build Order

itwasntme Protoss 

Build Orders: 1 Gate Expand, Zealot Archon 

Get SALT Encoding   

  12  0:12  Pylon  
  12  0:19  Probe  
  13  0:32  Gateway  
  13  0:34  Probe  
  14  0:45  Probe  
  15  0:53  Probe  
  15  0:55  Assimilator  
  15  1:03  Probe  
  17  1:23  Nexus  
  17  1:32  Cybernetics Core  
  17  1:38  Probe  
  18  1:50  Probe  
  19  2:02  Probe  
  19  2:03  Assimilator  
  19  2:06  Stalker  
  20  2:14  Probe  
  23  2:17  Warp Gate  
  23  2:25  Pylon  
  23  2:34  Probe  
  23  2:46  Probe  
  23  2:52  Probe  
  24  2:58  Probe  
  24  3:01  Twilight Council  
  24  3:04  Gateway, Probe  
  26  3:10  Probe  
  27  3:16  Probe  
  28  3:22  Sentry, Probe  
  28  3:26  Probe  
  31  3:30  Probe  
  33  3:34  Probe  
  33  3:38  Probe  
  34  3:41  Charge  
  34  3:42  Probe  
  36  3:49  Probe  
  36  3:54  Probe  
  38  3:59  Pylon  
  38  4:01  Probe  
  39  4:07  Probe  
  40  4:13  Gateway, Stalker x2, Probe  
  45  4:19  Probe  
  45  4:20  Pylon  
  46  4:25  Probe  
  46  4:31  Probe  
  48  4:37  Probe  
  49  4:43  Probe  
  49  4:44  Zealot x2  
  54  4:47  Assimilator  
  54  4:49  Probe  
  54  4:52  Templar Archives  
  55  4:55  Probe  
  55  4:58  Gateway  
  56  5:01  Probe  
  56  5:07  Zealot x2  
  59  5:10  Nexus  
  61  5:20  Psionic Storm  
  62  5:21  Probe  
  62  5:22  Pylon  
  62  5:24  Assimilator  
  62  5:29  Gateway  
  62  5:32  Gateway  
  62  5:35  Pylon  
  62  5:40  Probe  
  62  5:41  Pylon  
  63  5:44  High Templar  
  65  5:53  Zealot  
  65  5:54  Zealot x2  
  71  6:02  Probe  
  72  6:07  Forge  
  72  6:15  Pylon, High Templar  
  74  6:19  Archon  
  74  6:20  High Templar  
  74  6:21  Zealot x2  
  80  6:30  Probe  
  80  6:31  Probe  
  82  6:43  Protoss Ground Weapons Level 1, Probe x2  
  82  6:45  Photon Cannon  
  84  6:49  Photon Cannon  
  84  6:52  Photon Cannon  
  84  6:59  Photon Cannon  
  84  7:01  Photon Cannon  
  84  7:04  Zealot x3, Assimilator  
  90  7:09  High Templar x2  
  90  7:11  Zealot, Pylon  
  90  7:13  Archon  
  96  7:16  Probe x2  
  96  7:18  Pylon  
  96  7:19  Pylon  
  98  7:28  Gateway  
  98  7:30  Probe x3  
  98  7:31  Gateway  
  98  7:36  Zealot, Assimilator  
  103  7:37  Zealot  
  103  7:42  Probe x2  
  107  7:51  Robotics Facility  
  107  7:53  Zealot  
  107  7:54  Zealot x3  
  115  8:10  Probe x2  
  117  8:18  Photon Cannon x2  
  117  8:25  Robotics Facility  
  117  8:29  Pylon  
  117  8:31  Probe x3  
  117  8:32  Forge  
  117  8:34  Zealot x6  
  124  8:40  Protoss Ground Weapons Level 2  
  132  8:45  Pylon  
  132  8:52  Pylon  
  132  9:00  High Templar x2  
  132  9:01  Pylon  
  136  9:03  Pylon  
  136  9:08  High Templar  
  136  9:09  Stalker x3  
  144  9:10  Stalker x2  
  144  9:15  Archon  
  148  9:21  Observer  
  135  9:34  High Templar x6  
  135  9:35  High Templar  
  149  9:40  Archon x3  
  149  9:41  Zealot  
  151  9:46  Gateway  
  151  9:48  Gateway  
  151  9:50  Gateway  
  151  9:57  Pylon  
  151  9:59  Pylon  
  107  10:12  Zealot x5  
  107  10:13  Zealot x3  
  69  10:36  Zealot x5, Gateway  
  69  10:37  Zealot x3  
  69  10:38  Gateway  
  79  10:51  High Templar x3  
  79  10:55  Archon  
  83  10:58  Stalker x3  
  83  10:59  Stalker x5  
  99  11:04  Protoss Ground Armor Level 1, Warp Prism  
  99  11:10  Pylon  
  101  11:14  Gateway  
  101  11:17  Gateway  
  101  11:24  High Templar x2  
  105  11:26  High Templar x2  
  105  11:27  Zealot x2  
  105  11:28  Stalker x3  
  105  11:29  Stalker  
  105  11:32  Archon x2  
  121  11:49  Stalker x2  
  121  11:50  Stalker  
  127  11:54  Nexus  
  127  12:02  Zealot x5  
  127  12:03  Zealot  
  139  12:34  Nexus  
  115  12:44  Protoss Ground Weapons Level 3  
  115  12:49  Zealot x2  
  115  12:50  Zealot x5  
  115  12:51  Zealot  
  127  13:06  High Templar x2  
  127  13:07  Zealot x5  
  139  13:23  Stalker x2  
  139  13:24  Stalker x3  
  147  13:44  Protoss Ground Armor Level 2  
  147  14:00  Stalker  
  147  14:01  Stalker x2  
  147  14:02  High Templar x7  
  163  14:03  Zealot x3  
  163  14:04  Zealot  
  163  14:06  Archon  
  163  14:07  Archon  
  163  14:08  Archon  
  175  14:28  Pylon  
  175  14:30  Warp Prism  
  177  14:42  Zealot x2  
  177  14:43  Zealot x4  
  187  15:07  Stalker x6  
  127  15:40  Zealot  
  127  15:41  Zealot x2  
  127  15:42  Zealot x4  
  119  15:43  Zealot  
  113  15:56  Zealot x5  
  45  16:04  Zealot x2  
  45  16:05  Zealot x6  
  45  16:06  Zealot x2  
Show
View Real Time Build Order
Export as new Build Order

LiquidCloak Terran - Winner!

Build Orders: Reaper Expand 

Get SALT Encoding   

  12  0:00  SCV  
  13  0:12  SCV  
  14  0:17  Supply Depot  
  14  0:27  SCV  
  15  0:39  SCV  
  15  0:40  Barracks  
  16  0:45  Refinery  
  16  0:51  SCV  
  17  1:03  SCV  
  18  1:15  SCV  
  19  1:29  Reaper  
  20  1:35  Command Center  
  20  1:40  Orbital Command  
  20  1:47  Refinery  
  20  1:56  Supply Depot  
  20  2:01  Marine  
  21  2:16  Barracks  
  21  2:17  Factory  
  21  2:19  Marine  
  21  2:20  SCV  
  23  2:36  SCV  
  23  2:51  Orbital Command  
  23  2:52  Bunker  
  23  2:55  SCV, Barracks Reactor  
  24  3:01  Factory Tech Lab  
  24  3:02  Starport  
  24  3:07  SCV  
  25  3:17  SCV  
  25  3:19  SCV  
  27  3:30  Barracks  
  27  3:31  SCV  
  27  3:32  Barracks  
  28  3:36  Siege Tank  
  31  3:43  Starport Reactor  
  31  3:45  Marine, Supply Depot  
  31  3:46  Marine  
  33  3:49  SCV  
  33  3:52  SCV  
  35  4:01  SCV  
  36  4:04  SCV  
  36  4:06  Supply Depot  
  36  4:09  Engineering Bay  
  37  4:11  Marine x2  
  37  4:15  SCV  
  37  4:16  SCV  
  41  4:23  Barracks Tech Lab x2  
  41  4:27  Barracks, SCV  
  42  4:34  Medivac  
  42  4:35  Medivac  
  46  4:39  SCV  
  46  4:43  Combat Shield  
  46  4:44  Stimpack  
  47  4:46  Marine x2  
  47  4:50  Marauder  
  51  4:53  Marauder  
  53  5:04  SCV, Refinery  
  53  5:06  Supply Depot, Terran Infantry Weapons Level 1  
  54  5:12  SCV  
  55  5:16  SCV  
  55  5:18  Refinery  
  55  5:20  Marauder  
  58  5:23  Barracks Reactor  
  58  5:24  SCV, Supply Depot  
  58  5:26  Marine  
  58  5:27  Marine, Marauder  
  63  5:31  Supply Depot  
  63  5:37  SCV, Supply Depot  
  64  5:43  Siege Tank  
  64  5:47  Marine, Marauder  
  70  6:07  Marauder  
  70  6:09  Marine  
  70  6:10  Command Center  
  73  6:14  Supply Depot  
  73  6:16  Concussive Shells  
  73  6:22  Supply Depot  
  73  6:23  Siege Tank  
  76  6:32  SCV  
  77  6:34  Marine  
  77  6:35  Marine  
  77  6:38  Supply Depot  
  79  6:44  Medivac  
  81  6:47  Medivac  
  81  6:51  Marine x2  
  81  6:52  Marauder  
  81  6:53  SCV  
  88  6:55  SCV, Siege Tank  
  88  7:01  Terran Infantry Armor Level 1  
  92  7:02  Marine x2, Marauder  
  96  7:10  Supply Depot  
  96  7:11  Armory  
  96  7:14  Marauder  
  98  7:20  Marine x2  
  98  7:22  SCV  
  101  7:24  Marauder, Marine  
  101  7:25  Supply Depot  
  101  7:29  Orbital Command  
  104  7:34  Marine  
  104  7:35  Marauder  
  107  7:38  Marine  
  107  7:40  Siege Tank  
  107  7:41  Marine  
  107  7:42  Marine  
  113  7:44  SCV  
  113  7:45  Marine, Orbital Command  
  113  7:47  SCV  
  113  7:49  Supply Depot  
  116  7:52  Supply Depot  
  116  7:58  SCV, Marauder, Marine, Supply Depot  
  119  8:00  Marine  
  121  8:07  SCV  
  121  8:11  SCV x2  
  124  8:13  Marine x2  
  124  8:14  Marauder  
  124  8:15  Marine  
  124  8:19  SCV, Siege Tank  
  133  8:21  Marine x2  
  133  8:23  SCV  
  136  8:31  Marine x2  
  136  8:32  SCV x2  
  140  8:35  Marine  
  140  8:36  Marauder  
  143  8:41  Ghost Academy  
  143  8:43  Terran Vehicle Weapons Level 1  
  143  8:44  Marine, Supply Depot  
  143  8:45  Marauder  
  146  8:49  Marine  
  146  8:51  Marine  
  146  8:53  SCV x2, Marine  
  151  8:57  Marauder  
  151  9:02  Marine  
  154  9:06  Marauder, Marine  
  154  9:09  Marine  
  158  9:11  Marine  
  159  9:19  Marauder  
  156  9:35  Marine x2, Marauder  
  158  9:40  Marauder  
  160  9:48  Siege Tank  
  163  9:53  Marine x2  
  163  9:57  Marauder, Marine  
  163  9:58  Marine  
  160  10:01  Marauder  
  135  10:11  Marine x2  
  107  10:15  Marine x2  
  107  10:18  Marauder  
  107  10:21  Siege Tank  
  110  10:23  Marauder  
  107  10:29  Marine x2  
  107  10:33  Marine x2  
  100  10:40  Marauder  
  102  10:44  Marauder  
  102  10:47  Marine x2  
  94  10:51  Marine x2  
  94  10:53  Siege Tank  
  94  10:56  Personal Cloaking  
  92  11:01  Barracks, SCV, Marauder  
  95  11:04  Marine  
  95  11:05  Marine  
  95  11:06  Marauder  
  95  11:07  Command Center  
  95  11:09  Marine x2  
  101  11:13  SCV  
  102  11:21  Medivac x2  
  102  11:22  Marine x2, Marauder  
  102  11:24  SCV  
  102  11:25  Siege Tank  
  114  11:26  Marine  
  114  11:27  SCV, Marine, Marauder  
  119  11:40  Marine x2  
  119  11:41  SCV x2  
  119  11:44  Marauder, Marine x2  
  119  11:45  Supply Depot  
  119  11:46  Supply Depot  
  127  11:48  Marauder  
  127  11:50  SCV  
  127  11:53  SCV  
  131  11:54  Refinery  
  131  11:55  Refinery  
  131  11:57  Siege Tank  
  131  11:58  Marine x2  
  131  11:59  Terran Infantry Weapons Level 2  
  136  12:02  Marine x2, Terran Vehicle Weapons Level 2  
  136  12:05  Marine  
  136  12:06  Supply Depot  
  139  12:09  Ghost  
  141  12:16  Marine x2  
  141  12:20  Marine x2  
  141  12:22  Sensor Tower  
  145  12:23  Marauder  
  145  12:25  SCV  
  145  12:29  Siege Tank  
  150  12:33  Marine  
  150  12:36  Marine  
  149  12:37  Ghost  
  149  12:38  Marine x2  
  149  12:43  Ghost  
  145  12:51  Marine  
  145  12:52  Sensor Tower, Medivac  
  145  12:54  Marine  
  145  12:55  Marine  
  145  12:56  Marine  
  151  13:00  SCV, Command Center  
  151  13:01  Siege Tank  
  151  13:05  SCV x2  
  157  13:07  Marauder  
  157  13:09  Marine  
  157  13:11  Marine  
  161  13:13  Marauder, Marine  
  161  13:14  Marine  
  165  13:24  Planetary Fortress  
  165  13:27  Marine  
  165  13:28  Marauder  
  165  13:29  Marine  
  165  13:31  Marine  
  165  13:32  Marine  
  171  13:34  Marauder  
  173  13:45  Marine  
  173  13:47  Marine  
  175  13:49  Marine, Supply Depot  
  175  13:50  Marine, Marauder  
  175  13:52  Nuke  
  175  13:54  Supply Depot  
  175  13:55  Barracks Reactor  
  179  13:56  Marauder  
  181  14:03  Marine  
  181  14:05  Marine, Siege Tank  
  181  14:07  Marine x2  
  188  14:11  Marauder  
  190  14:17  Marauder  
  190  14:18  Terran Ship Weapons Level 1  
  190  14:20  Marine  
  190  14:23  Marine  
  195  14:24  SCV, Marine  
  195  14:25  Marine  
  197  14:32  Marauder  
  197  14:35  Marine  
  193  15:25  Marine x2  
  193  15:26  Marine, Marauder x2  
  195  15:29  Marine  
  195  15:30  Marine  
  194  15:37  Marine  
  165  15:43  Marine x3  
  165  15:47  Marauder x2, Marine x2  
Tags
 
Add a new tag
Caveats
  • Supply blocks, unpowered buildings, or Contaminate may cause inaccurate times.
  • Supply counts are checked every 10 seconds.